 Dungeon Crawl Stone Soup version 0.30.1-3-gfc49f6343a (webtiles) character file.

Game seed: 18218351129562946897

8 javelincjr the Poker (level 2, -1/22 HPs)
             Began as a Demonspawn Gladiator on Aug 1, 2023.
             Slain by a hobgoblin (2 damage)
             ... on level 1 of the Dungeon.
             The game lasted 00:00:33 (83 turns).

javelincjr the Poker (Demonspawn Gladiator)           Turns: 83, Time: 00:00:33

Health: -1/22      AC:  4    Str: 14    XL:     2   Next: 0%
Magic:  2/2        EV: 12    Int:  9    God:
Gold:   0          SH:  0    Dex: 14    Spells: 1/1 levels left

rFire   . . .        a - +0 trident
rCold   . . .        (no shield)
rNeg    . . .        b - +0 leather armour
rPois   .            c - +0 helmet
rElec   .            (no cloak)
rCorr   .            (no gloves)
SInv    .            (no boots)
Will    .....        (no amulet)
Stlth   +            (no ring)
HPRegen 0.23/turn    (no ring)
MPRegen 0.08/turn

%: no passive effects
@: no status effects
A: spiny 1
a: no special abilities


You were on level 1 of the Dungeon.
You visited 1 branch of the dungeon, and saw 1 of its levels.

Inventory:

Hand Weapons
 a - a +0 trident (weapon)
Missiles
 d - 3 throwing nets (quivered)
 e - a javelin
Armour
 b - a +0 leather armour (worn)
 c - a +0 helmet (worn)
Scrolls
 f - a scroll of fog {unknown}
 h - a scroll of identify {unknown}
Potions
 g - a potion of degeneration {unknown}


   Skills:
 + Level 2.1 Fighting
 + Level 2.8 Polearms
 + Level 2.0 Throwing
 + Level 2.8 Dodging


You had one spell level left.
You didn't know any spells.
Your spell library was empty.

Dungeon Overview and Level Annotations

Branches:
Dungeon (1/15)

Altars:


Innate Abilities, Weirdness & Mutations

You are partially covered in sharp spines.


Message History

The jackal is severely wounded.
The jackal barely misses you. x2
You closely miss the jackal.
The jackal is heavily wounded.
The jackal bites you but does no damage.
You closely miss the jackal.
The jackal is heavily wounded.
The jackal closely misses you. x2
You hit the jackal.
You kill the jackal!
The jackal closely misses you.
You hit the jackal.
The jackal is heavily wounded.
The jackal bites you.
* * * LOW HITPOINT WARNING * * *
The jackal bites you but does no damage.
You barely miss the jackal.
The jackal is heavily wounded.
The jackal closely misses you.
You puncture the jackal!
You kill the jackal!
A hobgoblin comes into view.
The jackal bites you but does no damage.
The hobgoblin shouts!
Your Throwing skill increases to level 2!
You have reached level 2!
Your demonic ancestry asserts itself...
Sharp spines emerge from parts of your body.
You hit the jackal but do no damage. The jackal misses you.
The hobgoblin hits you.
* * * LOW HITPOINT WARNING * * *
You miss the jackal.
The jackal bites you but does no damage.
The hobgoblin hits you.
* * * LOW HITPOINT WARNING * * *
A kobold comes into view. It is wielding a +0 club.
The jackal closely misses you. The jackal attacks as you move away!
The jackal completely misses you. The hobgoblin attacks as you move away!
The hobgoblin hits you.
You die...

.#..#)#≈≈####.. #....
8#8.+.'....##.##....
.#..#.#≈≈#.##.#..... .
.#..#.#≈≈...#...# ..
....#.#≈≈......### ..
#'###'##≈........# .#
....'..#≈.....##.##K.#
#####.<#≈........g...#
####≈....###@#...#
≈≈≈..... #h###.#
##.........†..h....
#.......##>.##....
#...... ##.# .. ... ..
.. ..h # ... ....


You could see a jackal, a hobgoblin and a kobold (wandering).

Vanquished Creatures
  An endoplasm (D:1)
  2 jackals (D:1)
  A kobold (D:1)
  3 ball pythons (D:1)
7 creatures vanquished.

Notes
Turn   | Place    | Note
-------+----------+-------------------------------------------
     0 | D:1      | javelincjr the Demonspawn Gladiator began the quest for the
                  | Orb.
     0 | D:1      | Reached XP level 1. HP: 16/16 MP: 1/1
    81 | D:1      | Gained mutation: You are partially covered in sharp spines.
                  | [demonic ancestry]
    81 | D:1      | Reached XP level 2. HP: 6/22 MP: 2/2
    82 | D:1      | HP: 1/22 [hobgoblin (2)]
    83 | D:1      | Slain by a hobgoblin

Illustrated notes

Levels and vault maps discovered:
D:1:      heliophobic_arrival_glass_houses, layout_rooms

Skill      XL: |  1 |
---------------+----+-----
Throwing       | 2 |  2.0
Fighting       | |  2.1
Polearms       | |  2.8
Dodging        | |  2.8

Action                     || total
---------------------------++-------
  Melee: Trident           ||    28
 Armour: Leather armour    ||     8
  Dodge: Dodged            ||    23
